AoeStats
← QNCMLT

Black Forest

507018957Analyzed
2v2 RM · 17d ago on Sep 16, 2026· 78m 17s· 4 players
Game mode
Random Map
Map size
Medium (4 player)
Population
200
Speed
Normal
Resources
Standard
Victory
Conquest
Starting age
Dark Age
Ending age
Imperial Age
RankedLock teamsTeams togetherTeam positionsShared explorationLock speedFull tech treeHidden civsTurbo modeCheats
Victory
Defeat
🇨🇳 Gurjaras · China
526
+16
🇬🇧 Magyars · United Kingdom
504
+17
🇪🇸 Chinese · Spain
629
-21
🇹🇷 Turks · Türkiye
420
-12
QNCMLT
deano earlhs
0:40 Loom
16:43 Feudal Age
19:54 Horse Collar
20:09 Gold Mining
21:03 Wheelbarrow
22:58 Castle Age
21:12 Stone Mining
21:14 Double-Bit Axe
21:38 Scale Barding Armor
21:34 Scale Mail Armor
21:36 Padded Archer Armor
21:27 Fletching
24:13 Bow Saw
25:01 Wheelbarrow
27:24 Corvinian Army
30:04 Hand Cart
31:11 Chain Barding Armor
33:25 Treadmill Crane
33:36 Heated Shot
34:07 Ballistics
36:34 Imperial Age
35:06 Light Cavalry
35:57 Bloodlines
37:34 Husbandry
38:52 Two-Man Saw
37:57 Heavy Plow
39:29 Gold Shaft Mining
40:04 Chemistry
41:50 Plate Barding Armor
41:31 Leather Archer Armor
41:32 Chain Mail Armor
41:59 Parthian Tactics
40:57 Crossbowman
41:22 Capped Ram
42:08 Recurve Bow
43:03 Thumb Ring
42:19 Arbalester
44:05 Hoardings
51:28 Elite Magyar Huszar
61:13 Elite Skirmisher
72:14 Bodkin Arrow
72:50 Ring Archer Armor
jbeacen2
0:32 Loom
19:37 Feudal Age
21:56 Padded Archer Armor
21:43 Horse Collar
21:54 Double-Bit Axe
23:01 Stone Mining
23:02 Gold Mining
25:17 Castle Age
23:38 Fletching
28:40 Bodkin Arrow
29:01 Leather Archer Armor
29:39 Stone Shaft Mining
30:24 Ballistics
33:02 Imperial Age
32:40 Gold Shaft Mining
32:54 Great Wall
35:28 Chemistry
36:18 Wheelbarrow
36:54 Ring Archer Armor
38:37 Hand Cart
38:30 Bracer
38:31 Elite Chu Ko Nu
40:22 Heavy Plow
40:48 Bow Saw
41:28 Rocketry
43:48 Masonry
44:47 Scale Mail Armor
70:01 Heavy Scorpion
71:07 Pikeman
71:48 Squires
73:03 Capped Ram
Din Djarin The Mandalorian
13:17 Feudal Age
16:27 Horse Collar
17:50 Man-at-Arms
18:36 Double-Bit Axe
19:46 Wheelbarrow
19:03 Loom
22:55 Forging
22:45 Scale Mail Armor
22:48 Padded Archer Armor
22:39 Fletching
30:20 Castle Age
32:30 Hand Cart
32:46 Heavy Plow
34:42 Iron Casting
34:23 Chain Mail Armor
34:24 Leather Archer Armor
34:04 Bodkin Arrow
33:34 Long Swordsman
37:31 Caravan
38:59 Thumb Ring
40:30 Bow Saw
40:28 Gold Mining
40:28 Stone Mining
41:13 Fishing Lines
46:17 Squires
45:46 Crossbowman
Connection lost

Rejoining the realm…

Still unreachable

The connection could not be restored.

Session expired

The server has moved on; the page needs a fresh start.